← All builds
Tech / Armada / Economy first / OBSERVED BUILD

Liche bombers

Armada Tech (Eco) build order · Supreme Isthmus

Rushes a T1 then Advanced Aircraft Plant by 10 minutes to field Liche atomic bombers with Highwind escort around 10:00, a unique air plan for Tech that strikes toward the middle and enemy base.

Usually first T2 con to Geo (100%)

#air #push · 5 distinct matches · 2 players · 0% of Armada Tech games · team won 4 of 5 · Recently observed

THE CATCH, AND WHAT COMES WITH IT
  • LicheT2 air bombers from 10:03 · 1% of role by thenFrom the Advanced Aircraft Plant. Only 1% of Tech games have it by then; others who build it get it around 13:01
  • Advanced Aircraft PlantAdvanced Aircraft Plant in 100%2% of all Tech games by then
  • Aircraft PlantAircraft Plant in 100%8% of all Tech games by then
  • OracleOracle in 100%1% of all Tech games by then
  • HighwindHighwind in 80%1% of all Tech games by then

Where those units first fight, in 5 games with kill data: in the middle 60%, on their own side 40%.

Those units destroy a typical 4,320 metal of enemy units by 15:00.

Then transitions into Highwind (26% of army), anti-nuke (18% of army).

HOW TO PLAY IT

Key timing: Advanced Aircraft Plant by 9:35

  1. Open standard mex and wind, drop a Bot Lab for early cons.
  2. Push Advanced Bot Lab and Advanced Metal Extractor as usual for team.
  3. Build an Aircraft Plant instead of pure ground T2 supply.
  4. Queue Advanced Aircraft Plant right after the T1 plant.
  5. Pump Liche bombers with Highwind and Oracle escort, then keep scaling eco.

Phase by phase

TYPICAL OF ITS 5 GAMES · AGAINST STANDARD TECH
  1. 1
  2. 2
  3. 3
  4. 4
  5. 5
PLAY THE OPENING

Follow the example game's first 11:03 step by step: what to build now, what comes next, and where it goes. At 1× it keeps pace with your own game.

  1. 1

    Up to the Bot Lab

    Economy
    • Metal Extractor3Mex
    • Wind Turbine5Wind
    Order
    1. Bot LabBot Lab after 3 mex, 5 winddone ~1:20, middle half 1:15–1:34

    Some games also: energy storage (40%)

    By 1:03 in all: 3 mex · 5 wind

    The example game in this phase · 3 steps
    1. Mex ×3
    2. Wind ×3
    3. Bot LabBot Labdone 1:07 · typical 1:20
  2. 2

    Bot Lab to Advanced Bot Lab

    Economy
    • Metal Extractor1Mex
    • Wind Turbine7Wind
    • Energy Storage1Energy storage
    Order
    1. Advanced Bot LabAdvanced Bot Lab after 4 mex, 12 wind, 3 con turretdone ~4:03, middle half 3:56–4:07
    Builders
    • Construction Turret3 Con turret
    • Lazarus3 Lazarus
    • Construction Bot1 Con bot
    • Construction Bot1 Con bot for allies

    Some games also: converter (40%)

    By 3:15 in all: 4 mex · 11 wind · 1 energy storage · 3 con turret

    The example game in this phase · 17 steps
    1. Wind
    2. LazarusLazarus ×2
    3. Construction BotCon botfor Air
    4. Wind
    5. Construction BotCon bot
    6. LazarusLazarus ×2
    7. Con turret
    8. Wind
    9. Mex
    10. Converter
    11. Con turret
    12. Converter
    13. Wind ×3
    14. Con turret
    15. Wind ×3
    16. Energy storage
    17. Advanced Bot LabAdvanced Bot Labdone 4:05 · typical 4:03
  3. 3

    Advanced Bot Lab to 5:00

    Builders
    • Advanced Construction Bot2 T2 con bot for allies
    Army
    • Fatboy1 Fatboy for allies

    Some games also: converter (40%) · wind (40%)

    The standard build makes here, this one skips: 3 wind

    By 5:00 in all: 4 mex · 19 wind · 2 converter · 1 energy storage · 3 con turret

    The example game in this phase · 3 steps
    1. Advanced Construction BotT2 con botfor Geo
    2. Advanced Metal ExtractorT2 mexdone 4:46 · typical 5:20
    3. Advanced Construction BotT2 con botfor Air
  4. 4

    5:00 to Aircraft Plant

    Economy
    • Wind Turbine33Wind
    • Energy Converter8Converter+5 vs standard
    • Metal Storage1Metal storage
    • Energy Storage1Energy storage
    Order
    1. Aircraft PlantAircraft Plant after 65 wind, 10 converter, 7 con turretdone ~9:26, middle half 9:01–9:29
    Builders
    • Construction Turret4 Con turret +4 vs standard
    • Butler8 Butler +2 vs standard
    • Advanced Construction Bot3 T2 con bot for allies

    Some games also: Butler for allies (40%)

    By 9:16 in all: 4 mex · 65 wind (standard 43) · 10 converter (standard 5) · 2 energy storage · 1 metal storage · 7 con turret (standard 3)

    The example game in this phase · 52 steps
    1. Advanced Metal ExtractorT2 mex ×2
    2. Advanced Construction BotT2 con botfor Pond
    3. Wind
    4. ButlerButler
    5. Wind
    6. ButlerButler
    7. Advanced Metal ExtractorT2 mex
    8. Wind ×6
    9. ButlerButler ×4
    10. Advanced Construction BotT2 con bot ×2for Geo sea
    11. Wind ×5
    12. CommanderCommander
    13. ButlerButler
    14. Wind ×2
    15. ButlerButler
    16. Wind ×3
    17. ButlerButler
    18. Wind ×3
    19. ButlerButler
    20. Wind ×4
    21. Converter
    22. Wind ×6
    23. Converter
    24. Wind ×6
    25. Con turret
    26. Converter
    27. Wind ×3
    28. Converter
    29. Wind
    30. Con turret
    31. Wind ×4
    32. Con turret
    33. Wind ×2
    34. Converter
    35. Metal storage
    36. Wind ×2
    37. Energy storage
    38. Wind ×2
    39. Converter
    40. Wind
    41. Converter
    42. Con turret
    43. Wind ×6
    44. Con turret
    45. Converter
    46. Wind ×3
    47. Converter
    48. Con turret
    49. Wind ×2
    50. Converter
    51. Wind ×3
    52. Aircraft PlantAircraft Plantdone 9:01 · typical 9:26
  5. 5

    Aircraft Plant to T2 air bombers

    Economy
    • Wind Turbine21Wind
    • Energy Converter4Converter+2 vs standard
    Order
    1. Advanced Aircraft PlantAdvanced Aircraft Plant after 75 wind, 12 converter, 9 con turret
    2. LicheT2 air bombers after 88 wind, 14 converter, 9 con turretdone ~10:44, middle half 10:13–10:54
    Builders
    • Construction Aircraft1 Con aircraft

    Some games also: con turret (40%) · scout plane (40%)

    By 10:03 in all: 4 mex · 88 wind (standard 60) · 14 converter (standard 8) · 2 energy storage · 1 metal storage · 9 con turret (standard 3)

    The example game in this phase · 185 steps
    1. Wind ×4
    2. Construction AircraftCon aircraft
    3. Wind ×2
    4. Converter ×2
    5. Wind
    6. Advanced Aircraft PlantAdvanced Aircraft Plantdone 9:26 · typical 10:02
    7. Wind ×4
    8. Converter
    9. Wind ×5
    10. Converter
    11. Wind
    12. Converter
    13. Wind ×2
    14. LicheLichedone 10:13 · typical 10:44
    15. Wind ×4
    16. Converter
    17. Wind ×2
    18. Converter
    19. Wind ×3
    20. Converter
    21. Wind ×3
    22. Converter
    23. Wind ×2
    24. Converter
    25. Wind ×3
    26. Converter
    27. Wind ×3
    28. OracleOracle
    29. Wind
    30. Converter
    31. Wind
    32. Converter
    33. Wind ×2
    34. HighwindHighwind
    35. Wind ×3
    36. Converter ×2
    37. HighwindHighwind
    38. Wind ×3
    39. Converter
    40. Wind
    41. HighwindHighwind
    42. Wind ×2
    43. Converter ×2
    44. Wind
    45. HighwindHighwind
    46. Wind ×3
    47. HighwindHighwind
    48. Wind
    49. Converter
    50. Wind ×2
    51. HighwindHighwind
    52. Wind ×3
    53. HighwindHighwind
    54. Wind
    55. Converter ×2
    56. Wind
    57. HighwindHighwind
    58. Con turret
    59. Wind ×2
    60. Con turret
    61. Wind ×2
    62. Converter
    63. Wind ×2
    64. HighwindHighwind
    65. Wind
    66. Converter
    67. Wind
    68. HighwindHighwind
    69. Wind ×3
    70. Converter
    71. HighwindHighwind
    72. Wind ×2
    73. Converter
    74. Wind
    75. HighwindHighwind
    76. Wind
    77. BlizzardBlizzard
    78. Converter ×2
    79. Wind ×5
    80. BlizzardBlizzard
    81. Wind
    82. Converter
    83. Wind ×5
    84. BlizzardBlizzard
    85. Converter ×2
    86. Advanced solar
    87. Wind ×4
    88. Converter
    89. Wind
    90. BlizzardBlizzard
    91. Wind ×2
    92. Converter ×2
    93. Wind ×4
    94. BlizzardBlizzard
    95. Wind ×2
    96. Converter
    97. Wind ×4
    98. BlizzardBlizzard
    99. Wind
    100. Converter
    101. Wind
    102. Converter
    103. Wind ×3
    104. BlizzardBlizzard
    105. Wind ×2
    106. Converter
    107. Wind ×3
    108. BlizzardBlizzard
    109. Wind ×2
    110. Converter
    111. Wind ×2
    112. Converter
    113. Wind ×2
    114. BlizzardBlizzard
    115. Wind ×2
    116. Converter
    117. Wind ×3
    118. BlizzardBlizzard
    119. Con turret
    120. Wind ×3
    121. Converter
    122. Con turret
    123. Converter
    124. HighwindHighwind
    125. Con turret
    126. Wind ×4
    127. Con turret
    128. Wind ×2
    129. HighwindHighwind
    130. Wind ×3
    131. Converter
    132. Wind
    133. HighwindHighwind
    134. Wind ×3
    135. HighwindHighwind
    136. Wind ×4
    137. HighwindHighwind
    138. Wind
    139. Armada CommanderArmada Commander
    140. Wind ×3
    141. HighwindHighwind
    142. Wind
    143. HighwindHighwind
    144. Wind
    145. Converter
    146. Wind ×2
    147. HighwindHighwind
    148. Wind ×2
    149. HighwindHighwind
    150. Wind
    151. Converter
    152. Wind
    153. HighwindHighwind
    154. Wind ×3
    155. HighwindHighwind
    156. Wind ×2
    157. HighwindHighwind
    158. Wind
    159. Converter
    160. Wind ×2
    161. HighwindHighwind
    162. Converter
    163. Wind ×2
    164. HighwindHighwind
    165. Wind
    166. Converter
    167. Wind
    168. HighwindHighwind
    169. Wind ×2
    170. HighwindHighwind
    171. Wind
    172. Converter
    173. Wind
    174. HighwindHighwind
    175. Wind ×2
    176. Converter
    177. HighwindHighwind
    178. Wind
    179. Advanced Construction AircraftT2 con aircraft
    180. Wind ×2
    181. Converter
    182. Wind ×2
    183. HighwindHighwind
    184. Fusion ReactorFusionnot finished by 15:00 · typical 13:54
    185. Wind ×2

Counts are medians over the build's games: half of them build more, half fewer. The example game is Syphos's (42 OS, 15/08/2026); pick another.

Team trades

IN AT LEAST 30% OF ITS GAMES

You hand over

  • Construction Bot1 Con bot to Airfirst at 2:45 · in 100% of games
  • Advanced Construction Bot5 T2 con bot to Geo or Air or Pondfirst at 4:20 · in 80% of games
  • Fatboy1 Fatboy to Pondfirst at 4:28 · in 60% of games
  • Butler2 Butler to Geo seafirst at 7:44 · in 40% of games

You get

  • Hercules1 Light transport from Airfirst at 3:49 · in 80% of games

How it plays out

Typical game of this build against the role’s standard build, running totals by minute

  • This build
  • Standard tech

Metal produced

020k40k
0:005:0010:0015:00

metal

Enemy metal destroyed

02k4k6k
0:005:0010:0015:00

metal

Own metal lost

01k2k3k
0:005:0010:0015:00

metal

5 games.

Show as table
ByMetal produced: This buildMetal produced: Standard techEnemy metal destroyed: This buildEnemy metal destroyed: Standard techOwn metal lost: This buildOwn metal lost: Standard tech
1:003843830000
2:009189150000
3:00175016410000
4:00318431550000
5:00488048650000
6:00576958080000
7:00732172300000
8:00922290970000
9:0012464112480000
10:0017392135840000
11:002031616433760000
12:002319620006285007000
13:002788123753285009000
14:003020227556477079250099
15:00362783166747703092900229
WHAT THE NUMBERS SAY

Won more often than the standard build and produced far more metal by 15:00, but traded that for much higher own losses once the bombers engaged.

  • + Destroyed 4770 enemy metal by 15:00 vs 400 for standard build.
  • + Metal production reached 17392 by 10:00 vs 13553 standard.
  • − Own metal lost jumped to 1940 by 15:00 vs 260 standard.
  • − Delays the role's usual T2 ground supply, only 1% of role games go air this early.
THE EXAMPLE YOU ARE READING

Syphos

42.0 OS · 15/08/2026

Open source match ↗

16 received units · includes a constructor
4723 metal received · 64960 energy received

Allied construction assistance is unknown. Timings are observations, not a promise of solo reproducibility.

Typical milestones

Bot Lab1:20Middle 50%: 1:15–1:34 · n=5
Advanced Bot Lab4:03Middle 50%: 3:56–4:07 · n=4
Advanced Metal Extractor5:20Middle 50%: 5:11–5:53 · n=5
Aircraft Plant9:26Middle 50%: 9:01–9:29 · n=5
Advanced Aircraft Plant10:02Middle 50%: 9:26–10:06 · n=5
Liche10:44Middle 50%: 10:13–10:54 · n=5
Fusion Reactor13:54Middle 50%: 13:02–14:16 · n=3

Played most by

UsurpeR3games of this buildSyphos2games of this build

Supporting games

Pick a game to read and play it above.

UsurpeR05/10/2026 · 44 OS↗UsurpeR14/09/2026 · 47 OS↗UsurpeR23/08/2026 · 52 OS↗Syphos15/08/2026 · 42 OS↗Syphos06/08/2026 · 47 OS↗Supreme Isthmus v2.1
Beyond All Reason test-30922-8064a43
Naval balance tweaks off